| TOP OF THE 1ST |
|
Oakland Athletics batting - Pitching for New York Yankees : LHP Arturo Eli
|
|
Pitching: LHP Arturo Eli
|
|
|
Batting: RHB Jason May
|
0-0: Ball 1-0: Ball 2-0: Called Strike 2-1: Swinging Strike 2-2: Foul Ball, location: 2F 2-2: Ball 3-2: Base on Balls
|
|
Batting: LHB Tom Butterbaugh
|
0-0: Ball 1-0: Foul Ball, location: 2F 1-1: SINGLE (Line Drive, 8RS, EV 88.8 MPH) Jason May to second Runner from 2nd tries for 3rd, SAFE, throw by CF made to third
|
|
Batting: RHB Muneo Kawachi
|
0-0: Ball 1-0: Foul Ball, location: 2F 1-1: Ball 2-1: Ball 3-1: Base on Balls Tom Butterbaugh to second
|
|
Batting: RHB Randy Shrewsbury
|
0-0: Called Strike 0-1: Ball 1-1: Foul Ball, location: 2F 1-2: Strikes out swinging
|
|
Batting: RHB Jorge Severiano
|
0-0: Swinging Strike 0-1: Ball 1-1: Swinging Strike 1-2: Ball 2-2: Ball 3-2: Fly out, F7 (Flyball, 78M, EV 88.8 MPH) Runner from 3rd tags up, SCORES, no throw by LF
|
|
Batting: LHB R.J. O'Brien
|
0-0: Called Strike 0-1: Called Strike 0-2: Ball 1-2: Foul Ball, location: 2F 1-2: Foul Ball, location: 2F 1-2: Ground out 5-3 (Groundball, 56S, EV 81.9 MPH)
|
| Top of the 1st over - 1 run, 1 hit, 0 errors, 2 left on base; Oakland 1 - New York 0 |
| BOTTOM OF THE 1ST |
|
New York Yankees batting - Pitching for Oakland Athletics : RHP Corbin Schenn
|
|
Pitching: RHP Corbin Schenn
|
|
|
Batting: RHB Russ Shambaugh
|
0-0: Called Strike 0-1: Ball 1-1: Foul Ball, location: 2F 1-2: Foul Ball, location: 2F 1-2: Ball 2-2: Strikes out swinging
|
|
Batting: RHB Jeckel Hester
|
0-0: Ground out 6-3 (Groundball, 6, EV 83.8 MPH)
|
|
Batting: SHB Bartholomeu Chambino
|
0-0: Ball 1-0: Foul Ball, location: 2F 1-1: Ball 2-1: Foul Ball, location: 2F 2-2: Fly out, F9 (Flyball, 9S, EV 96.9 MPH)
|
| Bottom of the 1st over - 0 runs, 0 hits, 0 errors, 0 left on base; Oakland 1 - New York 0 |
| TOP OF THE 2ND |
|
Oakland Athletics batting - Pitching for New York Yankees : LHP Arturo Eli
|
|
Batting: RHB Robby Juarez
|
0-0: Swinging Strike 0-1: Swinging Strike 0-2: Foul Ball, location: 2F 0-2: Foul Ball, location: 2F 0-2: Foul Ball, location: 2F 0-2: Ball 1-2: Strikes out swinging
|
|
Batting: RHB Nick Gentzel
|
0-0: Called Strike 0-1: Ball 1-1: Foul Ball, location: 2F 1-2: Ball 2-2: Ground out 1-3 (Groundball, P, EV 63.1 MPH)
|
|
Batting: SHB Quincy Bradford
|
0-0: Ball 1-0: Fly out, F5 (Popup, 15, EV 78.8 MPH)
|
| Top of the 2nd over - 0 runs, 0 hits, 0 errors, 0 left on base; Oakland 1 - New York 0 |
| BOTTOM OF THE 2ND |
|
New York Yankees batting - Pitching for Oakland Athletics : RHP Corbin Schenn
|
|
Batting: SHB Gus Berry
|
0-0: Ball 1-0: Ground out 3-1 (Groundball, 34S, EV 83.8 MPH)
|
|
Batting: RHB Adriaan Pieters
|
0-0: Ball 1-0: Called Strike 1-1: Swinging Strike 1-2: Strikes out swinging
|
|
Batting: SHB Mukhtar Wa'il
|
0-0: Ball 1-0: Fly out, F7 (Line Drive, 7LS, EV 90.6 MPH)
|
| Bottom of the 2nd over - 0 runs, 0 hits, 0 errors, 0 left on base; Oakland 1 - New York 0 |
| TOP OF THE 3RD |
|
Oakland Athletics batting - Pitching for New York Yankees : LHP Arturo Eli
|
|
Batting: RHB Jason May
|
0-0: Called Strike 0-1: Foul Ball, location: 2F 0-2: Strikes out swinging
|
|
Batting: LHB Tom Butterbaugh
|
0-0: Foul Ball, location: 2F 0-1: Swinging Strike 0-2: Ball 1-2: Ball 2-2: Strikes out swinging
|
|
Batting: RHB Muneo Kawachi
|
0-0: Ball 1-0: Ball 2-0: Foul Ball, location: 2F 2-1: Foul Ball, location: 2F 2-2: Fly out, F8 (Line Drive, 8RD, EV 91.9 MPH)
|
| Top of the 3rd over - 0 runs, 0 hits, 0 errors, 0 left on base; Oakland 1 - New York 0 |
| BOTTOM OF THE 3RD |
|
New York Yankees batting - Pitching for Oakland Athletics : RHP Corbin Schenn
|
|
Batting: RHB Shiro Suehiro
|
0-0: Called Strike 0-1: SINGLE (Flyball, 4D, EV 95.6 MPH)
|
|
Batting: RHB Ryan Neal
|
0-0: Ball 1-0: Ball 2-0: Foul Ball, location: 2F 2-1: Ball 3-1: Base on Balls Shiro Suehiro to second
|
|
Batting: LHB Dan Morris
|
0-0: Foul Ball, location: 2F 0-1: Ball 1-1: Grounds into double play, 4-6-3 (Groundball, 4, EV 97.5 MPH) Shiro Suehiro to third
|
|
Batting: RHB Russ Shambaugh
|
0-0: Ball 1-0: Foul Ball, location: 2F 1-1: Ball 2-1: Ball 3-1: Called Strike 3-2: Foul Ball, location: 2F 3-2: Fly out, F8 (Flyball, 8RD, EV 105.0 MPH)
|
| Bottom of the 3rd over - 0 runs, 1 hit, 0 errors, 1 left on base; Oakland 1 - New York 0 |
| TOP OF THE 4TH |
|
Oakland Athletics batting - Pitching for New York Yankees : LHP Arturo Eli
|
|
Batting: RHB Randy Shrewsbury
|
0-0: Called Strike 0-1: Foul Ball, location: 2F 0-2: Foul Ball, location: 2F 0-2: SINGLE (Line Drive, 78S, EV 99.4 MPH)
|
|
Batting: RHB Jorge Severiano
|
0-0: Ball 1-0: Ball 2-0: Ball 3-0: Base on Balls Randy Shrewsbury to second
|
|
Batting: LHB R.J. O'Brien
|
0-0: Fly out, F8 (Flyball, 78M, EV 86.2 MPH)
|
|
Batting: RHB Robby Juarez
|
0-0: Grounds into double play, 6-4-3 (Groundball, 6D, EV 106.9 MPH)
|
| Top of the 4th over - 0 runs, 1 hit, 0 errors, 1 left on base; Oakland 1 - New York 0 |
| BOTTOM OF THE 4TH |
|
New York Yankees batting - Pitching for Oakland Athletics : RHP Corbin Schenn
|
|
Batting: RHB Jeckel Hester
|
0-0: Ball 1-0: Ground out U3 (Groundball, 3, EV 82.5 MPH)
|
|
Batting: SHB Bartholomeu Chambino
|
0-0: Called Strike 0-1: Called Strike 0-2: Foul Ball, location: 2F 0-2: Ball 1-2: Strikes out looking
|
|
Batting: SHB Gus Berry
|
0-0: Foul Ball, location: 2F 0-1: Hit by Pitch
|
|
Batting: RHB Adriaan Pieters
|
0-0: Ball 1-0: Swinging Strike 1-1: Called Strike 1-2: Ball 2-2: Ground out U3 (Groundball, 3, EV 78.1 MPH)
|
| Bottom of the 4th over - 0 runs, 0 hits, 0 errors, 1 left on base; Oakland 1 - New York 0 |
| TOP OF THE 5TH |
|
Oakland Athletics batting - Pitching for New York Yankees : LHP Arturo Eli
|
|
Batting: RHB Nick Gentzel
|
0-0: Foul Ball, location: 2F 0-1: SINGLE (Flyball, 8RS, EV 94.4 MPH)
|
|
Batting: SHB Quincy Bradford
|
0-0: Called Strike 0-1: Called Strike 0-2: Ball 1-2: Foul Ball, location: 2F 1-2: Strikes out looking
|
|
Batting: RHB Jason May
|
0-0: Called Strike 0-1: Foul Ball, location: 2F 0-2: Foul Ball, location: 2F 0-2: Foul Ball, location: 2F 0-2: Ball 1-2: Foul Ball, location: 2F 1-2: Ball 2-2: Ball 3-2: Strikes out looking Nick Gentzel steals 2nd, throwing error, E2 Nick Gentzel to third
|
|
Batting: LHB Tom Butterbaugh
|
0-0: Ball 1-0: Ball 2-0: Ball 3-0: SINGLE (Line Drive, 8LS, EV 110.6 MPH) Nick Gentzel scores
|
|
Batting: RHB Muneo Kawachi
|
0-0: Called Strike 0-1: Ball 1-1: Foul Ball, location: 2F 1-2: Ball 2-2: Ball 3-2: Fly out, F8 (Flyball, 8RD, EV 87.5 MPH)
|
| Top of the 5th over - 1 run, 2 hits, 1 error, 1 left on base; Oakland 2 - New York 0 |
| BOTTOM OF THE 5TH |
|
New York Yankees batting - Pitching for Oakland Athletics : RHP Corbin Schenn
|
|
Batting: SHB Mukhtar Wa'il
|
0-0: Ball 1-0: Ball 2-0: Called Strike 2-1: Foul Ball, location: 2F 2-2: Fly out, F7 (Flyball, 78M, EV 89.4 MPH)
|
|
Batting: RHB Shiro Suehiro
|
0-0: Ball 1-0: Called Strike 1-1: Called Strike 1-2: Foul Ball, location: 2F 1-2: Ball 2-2: Foul Ball, location: 2F 2-2: Ball 3-2: Foul Ball, location: 2F 3-2: Foul Ball, location: 2F 3-2: Strikes out swinging
|
|
Batting: RHB Ryan Neal
|
0-0: Called Strike 0-1: Called Strike 0-2: Ball 1-2: Strikes out swinging
|
| Bottom of the 5th over - 0 runs, 0 hits, 0 errors, 0 left on base; Oakland 2 - New York 0 |
| TOP OF THE 6TH |
|
Oakland Athletics batting - Pitching for New York Yankees : LHP Arturo Eli
|
|
Batting: RHB Randy Shrewsbury
|
0-0: Ball 1-0: Ball 2-0: Ball 3-0: Base on Balls
|
|
Batting: RHB Jorge Severiano
|
0-0: Swinging Strike 0-1: Called Strike 0-2: Ball 1-2: Strikes out swinging
|
|
Pitching: RHP Chris McCoy
|
|
|
Batting: LHB R.J. O'Brien
|
0-0: Called Strike 0-1: Ball Randy Shrewsbury steals 2nd base (no throw) 1-1: Fly out, F8 (Flyball, 8RM, EV 90.6 MPH)
|
|
Batting: RHB Robby Juarez
|
0-0: Ball 1-0: Ball 2-0: Foul Ball, location: 2F 2-1: Ball 3-1: Base on Balls
|
|
Batting: RHB Nick Gentzel
|
0-0: Ball 1-0: Foul Ball, location: 2F 1-1: Called Strike Randy Shrewsbury steals 3rd base Robby Juarez to second 1-2: Foul Ball, location: 2F 1-2: SINGLE (Line Drive, 3D, EV 101.9 MPH) Randy Shrewsbury scores Robby Juarez to third Runner from 3rd tries for Home, SAFE, throw by RF to home
|
|
Batting: SHB Quincy Bradford
|
0-0: Called Strike 0-1: Ground out 4-3 (Groundball, 34D, EV 88.1 MPH)
|
| Top of the 6th over - 2 runs, 1 hit, 0 errors, 1 left on base; Oakland 4 - New York 0 |
| BOTTOM OF THE 6TH |
|
New York Yankees batting - Pitching for Oakland Athletics : RHP Corbin Schenn
|
|
Batting: LHB Dan Morris
|
0-0: Ball 1-0: Ground out 4-3 (Groundball, 34D, EV 83.8 MPH)
|
|
Batting: RHB Russ Shambaugh
|
0-0: Called Strike 0-1: Called Strike 0-2: Ball 1-2: Ground out 6-3 (Groundball, 6, EV 88.8 MPH)
|
|
Batting: RHB Jeckel Hester
|
0-0: Called Strike 0-1: Ball 1-1: Ground out 6-3 (Groundball, 6, EV 83.8 MPH)
|
| Bottom of the 6th over - 0 runs, 0 hits, 0 errors, 0 left on base; Oakland 4 - New York 0 |
| TOP OF THE 7TH |
|
Oakland Athletics batting - Pitching for New York Yankees : RHP Chris McCoy
|
|
Batting: RHB Jason May
|
0-0: Called Strike 0-1: Ball 1-1: Ball 2-1: Foul Ball, location: 2F 2-2: Ground out 6-3 (Groundball, 56, EV 90.6 MPH)
|
|
Batting: LHB Tom Butterbaugh
|
0-0: Called Strike 0-1: Swinging Strike 0-2: Ball 1-2: Strikes out looking
|
|
Batting: RHB Muneo Kawachi
|
0-0: Called Strike 0-1: Foul Ball, location: 2F 0-2: Strikes out swinging
|
| Top of the 7th over - 0 runs, 0 hits, 0 errors, 0 left on base; Oakland 4 - New York 0 |
| BOTTOM OF THE 7TH |
|
New York Yankees batting - Pitching for Oakland Athletics : RHP Corbin Schenn
|
|
Batting: SHB Bartholomeu Chambino
|
0-0: Foul Ball, location: 2F 0-1: TRIPLE (Flyball, 89XD, EV 100.6 MPH)
|
|
Batting: SHB Gus Berry
|
0-0: Ball 1-0: DOUBLE (Line Drive, 7LS, EV 106.9 MPH) Bartholomeu Chambino scores
|
|
Batting: RHB Adriaan Pieters
|
0-0: Ball 1-0: Fly out, F4 (Popup, 4D, EV 53.1 MPH)
|
|
Batting: SHB Mukhtar Wa'il
|
0-0: Ball 1-0: Foul Ball, location: 2F 1-1: Ball 2-1: Swinging Strike 2-2: Ball 3-2: Strikes out looking
|
|
Batting: RHB Shiro Suehiro
|
0-0: Ball 1-0: Ground out 4-3 (Groundball, 4M, EV 88.1 MPH)
|
| Bottom of the 7th over - 1 run, 2 hits, 0 errors, 1 left on base; Oakland 4 - New York 1 |
| TOP OF THE 8TH |
|
Oakland Athletics batting - Pitching for New York Yankees : RHP Chris McCoy
|
|
Pitching: RHP Isaias Chavez
|
|
|
Batting: RHB Randy Shrewsbury
|
0-0: Ball 1-0: Called Strike 1-1: SOLO HOME RUN (Flyball, 7LD, EV 95.6 MPH), Distance : 381 ft
|
|
Batting: RHB Jorge Severiano
|
0-0: Swinging Strike 0-1: Ball 1-1: Swinging Strike 1-2: Ball 2-2: Strikes out swinging
|
|
Batting: LHB R.J. O'Brien
|
0-0: Ball 1-0: Called Strike 1-1: Ball 2-1: Ball 3-1: Foul Ball, location: 2F 3-2: Foul Ball, location: 2F 3-2: Foul Ball, location: 2F 3-2: Strikes out swinging
|
|
Batting: RHB Robby Juarez
|
0-0: Ball 1-0: Foul Ball, location: 2F 1-1: Foul Ball, location: 2F 1-2: Foul Ball, location: 2F 1-2: Strikes out swinging
|
| Top of the 8th over - 1 run, 1 hit, 0 errors, 0 left on base; Oakland 5 - New York 1 |
| BOTTOM OF THE 8TH |
|
New York Yankees batting - Pitching for Oakland Athletics : RHP Corbin Schenn
|
|
Batting: RHB Ryan Neal
|
0-0: Called Strike 0-1: Ball 1-1: Called Strike 1-2: Ball 2-2: Ground out 4-3 (Groundball, 4, EV 97.5 MPH)
|
|
Batting: LHB Dan Morris
|
0-0: Ground out 4-3 (Groundball, 4M, EV 85.6 MPH)
|
|
Batting: RHB Russ Shambaugh
|
0-0: SINGLE (Groundball, 56, EV 103.8 MPH) (infield hit)
|
|
Pitching: RHP Elijah Everett
|
|
|
Batting: RHB Jeckel Hester
|
0-0: Called Strike 0-1: Ball 1-1: Foul Ball, location: 2F 1-2: Ball 2-2: SINGLE (Line Drive, 9S, EV 109.4 MPH) Russ Shambaugh to second Runner from 2nd tries for 3rd, SAFE, throw by RF made to third
|
|
Batting: SHB Bartholomeu Chambino
|
0-0: Foul Ball, location: 2F 0-1: Swinging Strike 0-2: Fly out, F7 (Flyball, 7D, EV 105.6 MPH)
|
| Bottom of the 8th over - 0 runs, 2 hits, 0 errors, 2 left on base; Oakland 5 - New York 1 |
| TOP OF THE 9TH |
|
Oakland Athletics batting - Pitching for New York Yankees : RHP Isaias Chavez
|
|
Pitching: LHP Robert Cruz
|
|
|
Batting: RHB Nick Gentzel
|
0-0: Ball 1-0: Ball 2-0: Foul Ball, location: 2F 2-1: Fly out, F7 (Flyball, 7, EV 94.4 MPH)
|
|
Batting: SHB Quincy Bradford
|
0-0: Ball 1-0: Ball 2-0: Swinging Strike 2-1: Ball 3-1: Ground out 6-3 (Groundball, 6M, EV 85.6 MPH)
|
|
Batting: RHB Jason May
|
0-0: Ball 1-0: Ball 2-0: Ball 3-0: Base on Balls
|
|
Batting: LHB Tom Butterbaugh
|
0-0: Called Strike 0-1: Ball 1-1: Ball 2-1: Swinging Strike 2-2: Ball 3-2: Fly out, F8 (Line Drive, 8LD, EV 92.5 MPH)
|
| Top of the 9th over - 0 runs, 0 hits, 0 errors, 1 left on base; Oakland 5 - New York 1 |
| BOTTOM OF THE 9TH |
|
New York Yankees batting - Pitching for Oakland Athletics : RHP Elijah Everett
|
|
Pitching: LHP David James
|
|
|
Batting: SHB Gus Berry
|
0-0: Ball 1-0: Ball 2-0: Foul Ball, location: 2F 2-1: Ground out 4-3 (Groundball, 4, EV 89.4 MPH)
|
|
Batting: RHB Adriaan Pieters
|
0-0: Called Strike 0-1: Ball 1-1: Swinging Strike 1-2: Strikes out swinging
|
|
Batting: SHB Mukhtar Wa'il
|
0-0: Ball 1-0: Swinging Strike 1-1: Fly out, F9 (Line Drive, 89M, EV 94.4 MPH)
|
| Bottom of the 9th over - 0 runs, 0 hits, 0 errors, 0 left on base; Oakland 5 - New York 1 |
|